 Dungeon Crawl Stone Soup version 0.20.0-6-gd3061e9 (webtiles) character file.

109 MTVSty1e the Skirmisher (level 4, -1/41 HPs)
             Began as a Minotaur Warper on May 28, 2017.
             Killed by divine providence
             ... invoked by an orc priest
              (14 damage)
             ... on level 3 of the Dungeon.
             The game lasted 00:04:51 (2505 turns).

MTVSty1e the Skirmisher (Minotaur Warper)           Turns: 2505, Time: 00:04:52

Health: -1/41      AC:  4    Str: 16    XL:     4   Next: 59%
Magic:  5/5        EV: 11    Int: 10    God:
Gold:   155        SH:  3    Dex: 10    Spells: 5/5 levels left

rFire    . . .     SeeInvis .   a - +0 hand axe
rCold    . . .     Gourm    .   o - +0 buckler
rNeg     . . .     Faith    .   b - +0 leather armour
rPois    .         Spirit   .   (helmet restricted)
rElec    .         Reflect  .   (no cloak)
rCorr    .         Harm     .   p - +0 pair of gloves
MR       .....                  (no boots)
Stlth    +.........             (no amulet)
Regen    0.2/turn               (no ring)
MPRegen  0.1/turn               (no ring)

@: no status effects
A: retaliatory headbutt, horns 2
a: no special abilities


You were on level 3 of the Dungeon.
You were not hungry.

You visited 1 branch of the dungeon, and saw 3 of its levels.

You collected 155 gold pieces.

Inventory:

Hand Weapons
 a - a +0 hand axe (weapon)
Missiles
 e - 5 tomahawks of dispersal (quivered)
Armour
 b - a +0 leather armour (worn)
 o - a +0 buckler (worn)
 p - a +0 pair of gloves (worn)
Wands
 q - a wand of lightning (9/15)
Scrolls
 d - 2 scrolls of blinking
 l - a scroll of enchant armour {unknown}
 n - a scroll of remove curse {unknown}
 s - a scroll of identify {unknown}
Potions
 h - 3 potions of invisibility {unknown}
 i - a potion of degeneration {unknown}
 j - 2 potions of curing {unknown}
 k - 2 potions of heal wounds {unknown}
 m - 2 potions of lignification {unknown}
 r - 2 potions of haste {unknown}
 t - a potion of berserk rage {unknown}
Books
 c - a book of Spatial Translocations

   Spells                             Type                      Level
   a - Blink                          Translocation                2
   b - Shroud of Golubria             Charms/Translocation         2
   c - Lesser Beckoning               Translocation                3
   d - Gell's Gravitas                Translocation                3
   e - Teleport Other                 Translocation                3
   f - Passage of Golubria            Translocation                4
Comestibles
 f - 3 bread rations
 g - 2 royal jellies


   Skills:
 * Level 4.5 Fighting
 * Level 4.4 Axes
 - Level 1.0 Throwing
 - Level 1.2 Armour
 - Level 2.1 Dodging
 - Level 1.3 Spellcasting
   Level 2.1 Translocations


You had 5 spell levels left.
You didn't know any spells.

Dungeon Overview and Level Annotations

Branches:
Dungeon (3/15)

Altars:


Innate Abilities, Weirdness & Mutations

You reflexively headbutt those who attack you in melee.
You have a pair of horns on your head.


Message History

You hit the orc but do no damage. You headbutt the orc, but do no damage.
The orc is heavily wounded.
You hit the orc. You barely miss the orc priest.
You block the orc priest's attack. The orc hits you with a short sword.
The orc hits you but does no damage.
Unknown command.
You hit the orc but do no damage. You headbutt the orc, but do no damage.
The orc is heavily wounded.
You hit the orc. You closely miss the orc priest.
The orc priest calls down the wrath of Beogh upon you.
Pain shoots through your body! The orc hits you but does no damage. x2
The orc priest barely misses you. You furiously retaliate!
You headbutt the orc priest.
The orc priest calls upon Beogh to heal the orc.
The orc's wounds heal themselves!
The orc priest calls upon Beogh to heal the orc.
The orc is healed somewhat.
The orc priest invokes the aid of Beogh against you.
Beogh smites you!
You die...

≈♣♣.....##........##.........#
≈≈≈≈....##........##.........#
≈≈≈♣....###.......##.........#
≈≈≈♣P.......o).o..##.........#
≈♣≈≈♣≈......g..g..##......>..#
≈≈≈≈P♣......)###o## ##########
P≈P≈≈P.......# #o# ########
≈≈♣♣♣........# #.#
#......####### ≈≈≈≈#.......)#
#@# #............#
≈♣♣##........# #.#
#......#####.# ≈≈≈##........#
#.# ######.# #.#
############## #(# #.# #.# #
#.# #.# #.# #.# #.# #.# #.#
#.# #†# #.# #.# #.# #.# #.#
#.#


You could see an orc priest, a gnoll and 2 orcs.

Vanquished Creatures
  4 adders
  An ooze (D:2)
  4 worms (D:2)
  A dart slug (D:3)
  A leopard gecko (D:2)
  2 orcs (D:3)
  6 bats
  3 giant cockroaches
  5 goblins
  8 hobgoblins
  A jackal (D:3)
  4 frilled lizards
  6 kobolds
  9 rats
55 creatures vanquished.

Notes
Turn   | Place    | Note
-------+----------+-------------------------------------------
     0 | D:1      | MTVSty1e the Minotaur Warper began the quest for the Orb.
     0 | D:1      | Reached XP level 1. HP: 18/18 MP: 1/1
   307 | D:1      | Reached XP level 2. HP: 25/25 MP: 3/3
  1059 | D:2      | Reached XP level 3. HP: 26/31 MP: 4/4
  1951 | D:2      | Reached XP level 4. HP: 40/40 MP: 5/5
  2505 | D:3      | Killed from afar by an orc priest

Skill      XL: |  1  2  3 |
---------------+----------+-----
Fighting       | 3 4 |  4.5
Axes           | 3 4 |  4.4
Throwing       | |  1.0
Armour         | |  1.2
Dodging        | |  2.1
Spellcasting   | |  1.3
Translocations | |  2.1

Action                   |  1- 3 |  4- 6 || total
-------------------------+-------+-------++-------
Melee: Hand axe          |   118 |    50 ||   168
       Headbutt          |    13 |     8 ||    21
  Eat: Meat ration       |     1 |       ||     1
Armor: Leather armour    |    25 |    15 ||    40
Dodge: Dodged            |    68 |    28 ||    96
Block: Buckler           |     4 |     5 ||     9
